AoeStats
← DSLG | Mr.Olivaz

Arabia

508130804Analyzed
2v2 RM · 11d ago on Sep 21, 2026· 42m 59s· 4 players
Game mode
Random Map
Map size
Medium (4 player)
Population
200
Speed
Normal
Resources
Standard
Victory
Conquest
Starting age
Dark Age
Ending age
Imperial Age
RankedLock teamsTeams togetherTeam positionsShared explorationLock speedFull tech treeHidden civsTurbo modeCheats
Victory
Defeat
🇺🇸 Magyars · United States
983
+15
🇺🇸 Armenians · United States
983
+15
🇺🇸 Vikings · United States
958
-15
🇲🇽 Persians · Mexico
957
-15
Darkfield
12:04 Feudal Age
12:26 Man-at-Arms
16:14 Loom
18:41 Double-Bit Axe
20:17 Wheelbarrow
23:29 Castle Age
25:52 Horse Collar
27:21 Hand Cart
32:31 Bow Saw
33:31 Town Watch
DSLG | Mr.Olivaz
3:31 Loom
11:43 Feudal Age
17:29 Castle Age
17:46 Stone Mining
18:17 Double-Bit Axe
20:22 Gold Mining
21:46 Horse Collar
31:47 Chieftains
32:39 Scale Mail Armor
33:14 Heavy Plow
33:38 Chain Mail Armor
39:29 Forging
40:56 Iron Casting
45:03 Imperial Age
kvmoll
11:12 Feudal Age
11:47 Loom
11:51 Man-at-Arms
12:43 Long Swordsman
14:18 Forging
17:28 Scale Mail Armor
19:21 Arson
26:20 Castle Age
26:33 Two-Handed Swordsman
27:15 Squires
27:01 Gambesons
27:51 Town Watch
29:30 Iron Casting
29:11 Chain Mail Armor
29:04 Double-Bit Axe
29:03 Champion
33:37 Wheelbarrow
39:51 Imperial Age
38:20 Hand Cart
40:42 Fereters
42:15 Conscription
43:21 Blast Furnace
43:21 Plate Mail Armor
Swiggzbul
8:38 Loom
10:26 Feudal Age
10:47 Loom
11:01 Double-Bit Axe
16:01 Scale Barding Armor
19:58 Horse Collar
21:51 Bloodlines
21:47 Town Watch
24:39 Castle Age
23:13 Gold Mining
23:45 Stone Mining
25:42 Wheelbarrow
25:56 Bow Saw
25:56 Husbandry
26:55 Chain Barding Armor
27:32 Light Cavalry
29:17 Wheelbarrow
30:45 Hand Cart
32:51 Heavy Plow
37:28 Imperial Age
35:42 Gold Shaft Mining
36:45 Town Patrol
37:24 Fletching
38:22 Ballistics
38:13 Masonry
38:32 Cavalier
40:27 Bodkin Arrow
40:34 Padded Archer Armor
Connection lost

Rejoining the realm…

Still unreachable

The connection could not be restored.

Session expired

The server has moved on; the page needs a fresh start.